 Dungeon Crawl Stone Soup version 0.26.1-11-gd32895ea62 (webtiles) character file.

Game seed: 919473601327047730

177 Zeld the Twirler (level 5, -5/34 HPs)
             Began as an Octopode Gladiator on May 18, 2021.
             Slain by a bullfrog (6 damage)
             ... on level 3 of the Dungeon.
             The game lasted 00:02:53 (2964 turns).

Zeld the Twirler (Octopode Gladiator)               Turns: 2964, Time: 00:02:53

Health: -5/34      AC:  1    Str: 13    XL:     5   Next: 57%
Magic:  5/5        EV: 14    Int: 11    God:
Gold:   48         SH:  0    Dex: 14    Spells: 4/4 levels left

rFire    . . .     SeeInvis .   a - +0 quarterstaff
rCold    . . .     Faith    .   (shield currently unavailable)
rNeg     . . .     Spirit   .   b - +0 hat
rPois    .         Reflect  .   (no amulet)
rElec    .         Harm     .   (no ring)
rCorr    .         Rampage  .   (no ring)
Will     .....                  (no ring)
Stlth    ++........             (no ring)
HPRegen  0.11/turn              (no ring)
MPRegen  0.09/turn              (no ring)
                                (no ring)
                                (no ring)

@: no status effects
A: almost no armour, stealthy swim, amphibious, 8 rings, constrict 8, camouflage
1, gelatinous body 1
a: no special abilities


You were on level 3 of the Dungeon.
You visited 1 branch of the dungeon, and saw 3 of its levels.

You collected 48 gold pieces.

Inventory:

Hand Weapons
 a - a +0 quarterstaff (weapon)
Missiles
 c - 3 throwing nets (quivered)
Armour
 b - a +0 hat (worn)
Scrolls
 e - 2 scrolls of remove curse
 i - a scroll of teleportation
 j - 2 scrolls of amnesia
Potions
 f - a potion of magic
 g - a potion of degeneration {unknown}
 h - a potion of curing {unknown}


   Skills:
 - Level 2.0 Fighting
 * Level 4.7 Staves
 * Level 4.1 Throwing
 - Level 3.0 Dodging


You had 4 spell levels left.
You didn't know any spells.
Your spell library was empty.

Dungeon Overview and Level Annotations

Branches:
Dungeon (3/15)

Altars:


Innate Abilities, Weirdness & Mutations

You cannot wear most types of armour.
You are very stealthy in the water. (Stealth+)
You are amphibious.
You can wear up to eight rings at the same time.
You can use your tentacles to constrict eight enemies at once.
Your skin changes colour to match your surroundings (Stealth+).
Your rubbery body absorbs attacks. (AC +1, EV +1)


Message History

* * * LOW HITPOINT WARNING * * *
You sock the leopard gecko zombie!
You destroy the leopard gecko zombie!
You start resting.
A bullfrog is nearby!
A bullfrog is nearby!
A bullfrog is nearby!
The bullfrog gives a loud, deep croak!
You hear a shout!
An orc comes into view. It is wielding a +0 club.
You closely miss the bullfrog. You grab the bullfrog.
You constrict the bullfrog. The bullfrog misses you.
The bullfrog closely misses you.
You hit the bullfrog. You squeeze the bullfrog!
The bullfrog is heavily wounded.
You constrict the bullfrog. The bullfrog hits you!
* * * LOW HITPOINT WARNING * * *
You hit the bullfrog. You squeeze the bullfrog.
The bullfrog is almost dead.
You constrict the bullfrog. The bullfrog hits you.
You die...

. #.
...........o..
#
.......#.....
# .......#....
# .......#...
#........
#.......###
#.....F@#
#.......#
#...†...#
#.......#
#.......#
#########


You could see a bullfrog.

Vanquished Creatures
  2 jellies (D:2)
  3 adders (D:2)
  6 oozes (D:2)
  3 leopard geckos
  5 orcs (D:3)
  4 bats
  4 giant cockroaches
  6 goblins
  6 hobgoblins
  11 kobolds
  2 frilled lizards (D:1)
  A leopard gecko zombie (D:3)
  5 rats
58 creatures vanquished.

Vanquished Creatures (others)
  9 fungi (D:2)
  5 toadstools (D:2)
14 creatures vanquished.

Grand Total: 72 creatures vanquished

Notes
Turn   | Place    | Note
-------+----------+-------------------------------------------
     0 | D:1      | Zeld the Octopode Gladiator began the quest for the Orb.
     0 | D:1      | Reached XP level 1. HP: 14/14 MP: 1/1
   218 | D:1      | Reached XP level 2. HP: 17/19 MP: 2/2
   949 | D:2      | Reached XP level 3. HP: 20/24 MP: 3/3
  1839 | D:2      | Reached XP level 4. HP: 25/29 MP: 4/4
  2094 | D:2      | Reached XP level 5. HP: 11/34 MP: 5/5
  2963 | D:3      | HP: 1/34 [bullfrog (7)]
  2964 | D:3      | Slain by a bullfrog

Illustrated notes

Levels and vault maps discovered:
D:1:      minmay_arrival_four_circles, layout_loops_corners, minmay_domino_2
D:2:      cheibrodos_fertilizer, layout_basic, minmay_misc_feat_secret_circle
D:3:      layout_basic, lemuel_crystal_altar, marbit_many_paths,
          nzn_wu_jian_council_hall, uniq_jessica

Skill      XL: |  1  2  3  4  5 |
---------------+----------------+-----
Throwing       | 3 4 |  4.1
Staves         | 4 |  4.7
Fighting       | |  2.0
Dodging        | |  3.0

Action                   |  1- 3 |  4- 6 || total
-------------------------+-------+-------++-------
Melee: Quarterstaff      |    60 |    63 ||   123
       Constrict         |    13 |    17 ||    30
       Tentacles         |     8 |    15 ||    23
  Use: Scroll            |       |     7 ||     7
 Stab: Sleeping          |     7 |     1 ||     8
       Distracted        |       |     1 ||     1
Armor: Skin              |     3 |     3 ||     6
Dodge: Dodged            |    36 |    36 ||    72
